 Dungeon Crawl Stone Soup version 0.20.1-1-g8b1a95d (webtiles) character file.

4125 Mitsuki the Fighter (level 10, -8/90 HPs)
             Began as a Hill Orc Fighter on Oct 8, 2017.
             Was a Priest of Okawaru.
             Mangled by a seven-headed hydra (9 damage)
             ... on level 8 of the Dungeon.
             The game lasted 00:17:20 (9947 turns).

Mitsuki the Fighter (Hill Orc Fighter)              Turns: 9947, Time: 00:17:21

Health: -8/90      AC: 11    Str: 23    XL:     10   Next: 27%
Magic:  13/14      EV: 12    Int: 11    God:    Okawaru [***...]
Gold:   445        SH: 13    Dex: 10    Spells: 9/9 levels left

rFire    . . .     SeeInvis .   a - +1 trident
rCold    . . .     Gourm    .   c - +0 shield
rNeg     . . .     Faith    .   b - +0 scale mail
rPois    +         Spirit   .   (helmet restricted)
rElec    .         Reflect  .   g - +0 cloak
rCorr    .         Harm     .   (no gloves)
MR       .....                  (no boots)
Stlth    ..........             w - amulet of regeneration
Regen    0.7/turn               v - +3 ring of intelligence
MPRegen  0.2/turn               G - ring of loudness (curse)

@: heroism
A: antennae 1, blurry vision 1, poison resistance, wild magic 1, sturdy frame 1
a: Heroism, Renounce Religion


You were on level 8 of the Dungeon.
You worshipped Okawaru.
Okawaru was most pleased with you.
You were not hungry.

You visited 2 branches of the dungeon, and saw 9 of its levels.
You also visited: Sewer.

You collected 445 gold pieces.

Inventory:

Hand Weapons
 a - a +1 trident (weapon)
Armour
 b - a +0 scale mail (worn)
 c - a +0 shield (worn)
 g - a +0 cloak (worn)
Jewellery
 v - a +3 ring of intelligence (left hand)
 w - an amulet of regeneration (around neck)
 F - an uncursed ring of stealth
 G - a cursed ring of loudness (right hand)
 I - an uncursed amulet of the gourmand {unknown}
Wands
 q - a wand of clouds (3/9)
 t - a wand of lightning (8/15)
 A - a wand of lightning (4/15)
 C - a wand of flame (20/48)
 E - a wand of random effects (32/48)
Scrolls
 e - 7 scrolls of remove curse {unknown}
 i - 5 scrolls of identify {unknown}
 j - a scroll of noise {unknown}
 k - a scroll of magic mapping {unknown}
 m - 3 scrolls of amnesia {unknown}
 r - 3 scrolls of teleportation
 x - 2 scrolls of blinking {unknown}
 y - 2 scrolls of fog {unknown}
 B - 4 scrolls of enchant weapon
 D - 2 scrolls of recharging {unknown}
 H - a scroll of immolation {unknown}
Potions
 d - 3 potions of might
 h - 3 potions of curing
 l - 2 potions of lignification {unknown}
 n - 4 potions of flight {unknown}
 o - 3 potions of heal wounds
 p - 4 potions of agility
 u - a potion of magic {unknown}
 z - 2 potions of brilliance {unknown}
 K - a potion of invisibility {unknown}
 O - a potion of mutation {unknown}
Books
 L - a book of Maledictions

   Spells                             Type                      Level
   a - Corona                         Hexes                        1
   b - Ensorcelled Hibernation        Hexes/Ice                    2
   c - Confuse                        Hexes                        3
   d - Tukima's Dance                 Hexes                        3
   e - Dazzling Spray                 Conjuration/Hexes            3
 N - Kikubaaqudgha's Reference Book on Darkness
   (You found it on level 8 of the Dungeon)

   Spells                             Type                      Level
   a - Animate Skeleton               Necromancy                   1
Comestibles
 f - 5 bread rations
 s - 4 meat rations
 M - 2 royal jellies


   Skills:
 + Level 8.6(13.6) Fighting
 + Level 7.6(12.6) Polearms
 + Level 7.9(12.9) Armour
 + Level 8.1(13.1) Shields
 + Level 5.4 Invocations
 + Level 4.1 Evocations


You had 9 spell levels left.
You didn't know any spells.

Dungeon Overview and Level Annotations

Branches:
Dungeon (8/15)             Temple (0/1) D:6            Lair (1/6) D:8

Altars:
Ashenzari
Dithmenos
Elyvilon
Gozag
Hepliaklqana
Kikubaaqudgha
Okawaru
Ru
Sif Muna
Trog
Vehumet
Zin


Innate Abilities, Weirdness & Mutations

You have a pair of small antennae on your head.
Scrolls take you a little longer to read.
Your system is resistant to poisons. (rPois)
Your spells are a little harder to cast, but a little more powerful.
Your movements are slightly less encumbered by armour. (ER -2)


Message History

The seven-headed hydra is heavily wounded.
You barely miss the seven-headed hydra.
The seven-headed hydra is heavily wounded.
The seven-headed hydra completely misses you.
You block the seven-headed hydra's attack. x2
The seven-headed hydra bites you but does no damage.
The seven-headed hydra barely misses you.
The seven-headed hydra closely misses you.
The seven-headed hydra bites you but does no damage.
You hit the seven-headed hydra.
The seven-headed hydra is heavily wounded.
You block the seven-headed hydra's attack. x3
The seven-headed hydra bites you!
* * * LOW HITPOINT WARNING * * *
The seven-headed hydra bites you.
* * * LOW HITPOINT WARNING * * *
The seven-headed hydra bites you!
* * * LOW HITPOINT WARNING * * *
The seven-headed hydra bites you!
You die...

......##.#.....# ##.###.#..#
.#########.....########.##.#...#
.......# ##...........#.#.###..#
.#####.# #....###.........#...#
.# #.# #.#...≈...#...###.#### .#
#.# ##(.#...#..##.###.# ##
###.### #.##PPP##.##..##.# #
#.....# #...PPP...##..##.#
####.#)#.# #≈..P@P..≈##..##.#
.......#.# #..PDP.P.(##..##.#
.###.###.# #.##.PP##.##..##.#
#.##..>..###..#...#..##..##.#####
##.########.#...≈...#.#..........
##.##### #....###....#)#####.###
##....# #.............# #.#
##..##.# #.#.#.#.####### #.#
##.#.##.###...#...# #.#


You could see a seven-headed hydra.

Vanquished Creatures
  Pikel (D:6)
  A komodo dragon (D:8)
  A troll (D:6)
  Prince Ribbit (D:5)
  Grinder (D:3)
  Edmund (D:6)
  A water moccasin (D:8)
  A porcupine (D:8)
  2 orc warriors
  2 sky beasts
  A phantom (D:5)
  2 ogres
  The ghost of westwoodlt the Poker, an amateur MfSk (D:3)
  A centaur (D:6)
  3 bullfrogs
  A water moccasin zombie (D:8)
  A wyvern skeleton (D:6)
  4 scorpions
  4 crimson imps
  A jelly (D:8)
  2 bullfrog skeletons
  3 hounds
  A centaur skeleton (D:6)
  2 orc priests (D:7)
  2 iguanas
  Ijyb (D:5)
  10 orc wizards
  8 worker ants
  A worker ant zombie (D:5)
  16 adders
  A river rat (D:5)
  3 shadow imps (D:6)
  An ooze (Sewer)
  2 adder skeletons
  3 worms
  4 leopard geckos
  19 orcs
  20 bats
  2 giant cockroaches
  8 goblins
  5 hobgoblins
  11 jackals
  7 kobolds
  5 quokkas
  3 ball pythons
  5 frilled lizards
  A giant cockroach zombie (D:5)
  A leopard gecko skeleton (D:7)
  4 rats
182 creatures vanquished.

Notes
Turn   | Place    | Note
-------+----------+-------------------------------------------
     0 | D:1      | Mitsuki the Hill Orc Fighter began the quest for the Orb.
     0 | D:1      | Reached XP level 1. HP: 19/19 MP: 1/1
   416 | D:1      | Reached XP level 2. HP: 25/26 MP: 2/2
  1157 | D:2      | Reached XP level 3. HP: 23/33 MP: 3/3
  1869 | D:2      | Found a shadowy altar of Dithmenos.
  1970 | D:2      | Reached XP level 4. HP: 28/40 MP: 4/4
  2685 | D:3      | Reached XP level 5. HP: 38/46 MP: 5/5
  2873 | D:3      | Noticed Grinder
  2873 | D:3      | Paralysed by Grinder for 7 turns
  2933 | D:3      | Paralysed by Grinder for 3 turns
  2948 | D:3      | Paralysed by Grinder for 5 turns
  3225 | D:3      | Killed Grinder
  3225 | D:3      | Reached skill level 5 in Fighting
  3225 | D:3      | Reached skill level 5 in Shields
  3225 | D:3      | Reached XP level 6. HP: 17/56 MP: 6/6
  3695 | D:3      | Noticed westwoodlt's ghost (amateur MfSk)
  3716 | D:3      | Killed westwoodlt's ghost
  3716 | D:3      | Reached skill level 5 in Armour
  3920 | D:3      | Reached XP level 7. HP: 61/61 MP: 7/7
  3940 | D:3      | Found a bloodstained altar of Trog.
  3940 | D:3      | Found an iron altar of Okawaru.
  3948 | D:3      | Became a worshipper of Warmaster Okawaru
  5204 | D:5      | Entered Level 5 of the Dungeon
  5219 | D:5      | Gained mutation: Your system is resistant to poisons. (rPois) [mutagenic meat]
  5220 | D:5      | Gained mutation: Your spells are a little harder to cast, but a little more powerful. [mutagenic meat]
  5221 | D:5      | Gained mutation: Your movements are slightly less encumbered by armour. (ER -2) [mutagenic meat]
  5222 | D:5      | Lost mutation: Your spells are a little harder to cast, but a little more powerful. [mutagenic meat]
  5223 | D:5      | Gained mutation: You are frail. (-10% HP) [mutagenic meat]
  5224 | D:5      | Gained mutation: You have a pair of small antennae on your head. [mutagenic meat]
  5263 | D:5      | Found a glowing drain.
  5385 | Sewer    | Entered a sewer
  5882 | D:5      | Reached skill level 5 in Polearms
  6111 | D:5      | Reached XP level 8. HP: 63/63 MP: 8/8
  6194 | D:5      | Noticed Ijyb
  6213 | D:5      | Killed Ijyb
  6258 | D:5      | Noticed Prince Ribbit
  6273 | D:5      | Killed Prince Ribbit
  6273 | D:5      | Reached * piety under Okawaru
  6728 | D:6      | Found a staircase to the Ecumenical Temple.
  6822 | D:6      | Noticed a troll
  6832 | D:6      | Killed a troll
  6832 | D:6      | Reached skill level 1 in Invocations
  6832 | D:6      | Reached skill level 1 in Evocations
  7010 | D:6      | Noticed Edmund
  7056 | D:6      | Killed Edmund
  7056 | D:6      | Reached ** piety under Okawaru
  7056 | D:6      | Reached XP level 9. HP: 49/71 MP: 10/10
  7134 | D:6      | Found an opulent altar of Gozag.
  7514 | D:6      | Noticed Pikel
  7539 | D:6      | Killed Pikel
  8025 | D:7      | Gained mutation: Scrolls take you a little longer to read. [mutagenic meat]
  8026 | D:7      | Gained mutation: Your spells are a little harder to cast, but a little more powerful. [mutagenic meat]
  8027 | D:7      | Lost mutation: You are frail. (-10% HP) [mutagenic meat]
  8348 | D:7      | Found a glowing silver altar of Zin.
  8348 | D:7      | Found a hazy altar of Hepliaklqana.
  8348 | D:7      | Found a shattered altar of Ashenzari.
  8360 | D:7      | Reached *** piety under Okawaru
  8796 | D:8      | Found a staircase to the Lair.
  8935 | D:8      | Found a radiant altar of Vehumet.
  8945 | D:8      | Found an ancient bone altar of Kikubaaqudgha.
  8954 | D:8      | Reached XP level 10. HP: 80/88 MP: 13/13
  8992 | D:8      | Identified Kikubaaqudgha's Reference Book on Darkness
  8999 | D:8      | Found a deep blue altar of Sif Muna.
  9094 | D:8      | Reached skill level 5 in Invocations
  9111 | D:8      | Found a white marble altar of Elyvilon.
  9325 | D:8      | Found a sacrificial altar of Ru.
  9535 | Lair:1   | Entered Level 1 of the Lair of Beasts
  9905 | Lair:1   | Noticed a seven-headed hydra
  9947 | D:8      | HP: 1/90 [seven-headed hydra (9)]
  9947 | D:8      | Mangled by a seven-headed hydra

Skill      XL: |  1  2  3  4  5  6  7  8  9 10 |
---------------+-------------------------------+-----
Polearms       | 3 4 5 6 7 |  7.6
Shields        | 4 5 6 7 8 |  8.1
Fighting       | 4 5 6 7 8 |  8.6
Armour         | 4 5 6 7 |  7.9
Invocations    | 2 4 5 |  5.4
Evocations     | 1 3 4 |  4.1

Action                   |  1- 3 |  4- 6 |  7- 9 | 10-12 || total
-------------------------+-------+-------+-------+-------++-------
Melee: Trident           |   132 |   139 |   673 |   135 ||  1079
Invok: Heroism           |       |       |     1 |     2 ||     3
  Use: Potion            |       |     2 |       |       ||     2
       Scroll            |       |       |     2 |       ||     2
 Stab: Held in net/web   |       |       |     1 |       ||     1
  Eat: Chunk             |     3 |     5 |    26 |     4 ||    38
       Royal jelly       |       |       |     1 |       ||     1
Armor: Scale mail        |    49 |    45 |   188 |    52 ||   334
Dodge: Dodged            |    41 |    27 |   152 |    47 ||   267
Block: Shield            |    73 |    46 |   293 |    67 ||   479
